 Dungeon Crawl Stone Soup version 0.31-a0-364-gb59cdcccf2 (webtiles) character file.

Game seed: 18433337450822508024

744 dohliylev the Ruffian (level 7, -3/53 HPs)
             Began as a Gnoll Shapeshifter on July 27, 2023.
             Slain by a gnoll
             ... wielding a +0 halberd
              (8 damage)
             ... on level 5 of the Dungeon.
             The game lasted 00:13:44 (3644 turns).

dohliylev the Ruffian (Gnoll Shapeshifter)          Turns: 3644, Time: 00:13:46

Health: -3/53      AC:  9    Str: 14    XL:     7   Next: 76%
Magic:  11/11      EV:  8    Int:  9    God:
Gold:   278        SH:  0    Dex: 13    Spells: 11/11 levels left

rFire   . . .        l - +1 dagger (speed)
rCold   . . .        (no shield)
rNeg    . . .        v - +0 chain mail
rPois   .            (no helmet)
rElec   .            a - scarf {shadows}
rCorr   .            (no gloves)
SInv    +            (no boots)
Will    .....        (no amulet) Stlth
                     t - ring of see invisible
HPRegen 0.28/turn    (no ring)
MPRegen 0.12/turn

%: no passive effects
@: lethally poisoned (-3 -> -7)
A: fangs 1, strong nose, distributed training
a: no special abilities


You were on level 5 of the Dungeon.
You visited 1 branch of the dungeon, and saw 5 of its levels.

You collected 278 gold pieces.

Inventory:

Hand Weapons
 g - a +1 dagger of distortion
 l - a +1 dagger of speed (weapon)
Missiles
 r - 3 javelins (quivered)
Armour
 a - a scarf of shadows (worn)
 v - a +0 chain mail (worn)
Jewellery
 t - a ring of see invisible (left hand)
Talismans
 c - a beast talisman
Wands
 n - a wand of flame (26)
Scrolls
 d - a scroll of teleportation {unknown}
 e - 2 scrolls of poison {unknown}
 j - a scroll of enchant armour {unknown}
 k - a scroll of fear {unknown}
 m - 2 scrolls of noise {unknown}
 o - a scroll of silence {unknown}
 q - a scroll of revelation {unknown}
 s - 2 scrolls of identify {unknown}
Potions
 b - 3 potions of lignification
 h - 5 potions of brilliance {unknown}
 i - 2 potions of might {unknown}
 p - a potion of curing {unknown}


   Skills:
 + Level 3.8 Fighting
 + Level 2.7 Short Blades
 + Level 2.7 Long Blades
 + Level 2.7 Axes
 + Level 2.7 Maces & Flails
 + Level 2.7 Polearms
 + Level 2.7 Staves
 + Level 2.7 Ranged Weapons
 + Level 2.7 Throwing
 + Level 2.7 Armour
 + Level 5.4 Dodging
 + Level 2.7 Stealth
 + Level 2.7 Shields
 + Level 7.1 Unarmed Combat
 + Level 2.7 Spellcasting
 + Level 2.2 Conjurations
 + Level 2.2 Hexes
 + Level 2.2 Summonings
 + Level 2.2 Necromancy
 + Level 2.2 Translocations
 + Level 2.2 Transmutations
 + Level 2.2 Fire Magic
 + Level 2.2 Ice Magic
 + Level 2.2 Air Magic
 + Level 2.2 Earth Magic
 + Level 2.2 Poison Magic
 + Level 3.0 Invocations
 + Level 2.7 Evocations
 + Level 6.9 Shapeshifting


You had 11 spell levels left.
You didn't know any spells.
Your spell library contained the following spells:

 Spells                   Type           Power      Damage    Failure   Level
 Foxfire                  Conj/Fire      20%        2x1d5     90%         1
 Sandblast                Erth           10%        2d5       90%         1
 Passwall                 Tmut/Erth      4%         N/A       97%         2
 Inner Flame              Hex/Fire       5%         N/A       99%         3
 Stone Arrow              Conj/Erth      10%        3d7       99%         3
 Flame Wave               Conj/Fire      5%         2d5       100%        4
 Sticky Flame             Conj/Fire      5%         2d3       100%        4
 Yara's Violent Unravell  Hex/Tmut       2%         3d3       100%        5
 Plasma Beam              Fire/Air       2%         2x1d12    100%        6
 Starburst                Conj/Fire      2%         6d3       100%        6
 Enfeeble                 Hex            2%         N/A       100%        7


Dungeon Overview and Level Annotations

Branches:
Dungeon (5/15)
 Temple: D:4-7

Altars:
Uskayaw
Yredelemnul
Zin
The Shining One

Shops:
D:2 *

Annotations:
D:5 vcxz's ghost, novice NaWn
Abyss:1 Robin


Innate Abilities, Weirdness & Mutations

You have very sharp teeth.
Your uncanny sense of smell can sniff out nearby items.
Your experience applies equally to all skills.


Message History

The water moccasin closely misses you. The water moccasin misses you.
The water moccasin closely misses you.
The water moccasin attacks as you move away!
The water moccasin bites you. x2
You barely miss the water moccasin. Your bite misses the water moccasin.
The water moccasin is moderately wounded.
You hit the water moccasin.
The water moccasin is heavily wounded.
The water moccasin closely misses you.
You hit the water moccasin but do no damage.
The water moccasin is heavily wounded.
The water moccasin bites you.
* * * LOW HITPOINT WARNING * * *
You are poisoned.
The water moccasin poisons you!
You hit the water moccasin but do no damage.
The water moccasin is heavily wounded.
You feel sick. The water moccasin barely misses you. The gnoll misses you.
You hit the water moccasin.
The water moccasin is severely wounded.
You feel sick. The water moccasin bites you.
* * * LOW HITPOINT WARNING * * *
You hit the water moccasin. Your bite misses the water moccasin.
The water moccasin is severely wounded.
* * * LOW HITPOINT WARNING * * *
You feel sick. The gnoll closely misses you.
The water moccasin bites you but does no damage.
You hit the water moccasin.
The water moccasin is almost dead.
* * * LOW HITPOINT WARNING * * *
You feel sick.
The water moccasin bites you but does no damage.
You hit the water moccasin but do no damage.
Your bite misses the water moccasin.
The water moccasin is almost dead.
* * * LOW HITPOINT WARNING * * *
You feel sick.
The gnoll hits you from afar with a +0 halberd!
You die...

#...# #...# #...# ######### #...#
##...#...## ##...# ##.........#
#### ##..oo## #...........
...########..##go# #...........
.#[......##.####S#####..........(
..o....#...o####@##....§o.......#
######........).........o..#...##
###.##....#.##.#####.######
#.#####......### #§#
#....###...#...# #.#
##o.......).#...###.#
#.og..###)#.#..<#...# #.........#
#.#.#.....### ..#..#....#
#.#.....###


You could see a water moccasin, 3 orc wizards and a gnoll.

Vanquished Creatures
  An ice beast (D:5)
  A black bear (D:4)
  2 phantoms (D:5)
  A hound (D:5)
  An orc priest (D:3)
  Jessica (D:2)
  Natasha (thrice) (D:2)
  An iguana (D:3)
  2 orc wizards (D:3)
  7 adders
  A worm (D:2)
  16 orcs
  9 ball pythons
  4 bats
  4 endoplasms
  2 giant cockroaches
  13 goblins
  8 hobgoblins
  3 jackals (D:1)
  8 kobolds
  4 frilled lizards
  5 rats
  A spectral orc (D:3)
98 creatures vanquished.

Notes
Turn   | Place    | Note
-------+----------+-------------------------------------------
     0 | D:1      | dohliylev the Gnoll Shapeshifter began the quest for the
                  | Orb.
     0 | D:1      | Reached XP level 1. HP: 17/17 MP: 1/1
   125 | D:1      | Reached XP level 2. HP: 20/23 MP: 2/2
   364 | D:1      | Reached XP level 3. HP: 22/28 MP: 3/3
   638 | D:2      | Reached skill level 1 in Invocations
   660 | D:2      | Reached skill level 1 in Short Blades
   660 | D:2      | Reached skill level 1 in Long Blades
   660 | D:2      | Reached skill level 1 in Axes
   660 | D:2      | Reached skill level 1 in Maces & Flails
   660 | D:2      | Reached skill level 1 in Polearms
   660 | D:2      | Reached skill level 1 in Staves
   660 | D:2      | Reached skill level 1 in Ranged Weapons
   660 | D:2      | Reached skill level 1 in Throwing
   660 | D:2      | Reached skill level 1 in Armour
   660 | D:2      | Reached skill level 1 in Stealth
   660 | D:2      | Reached skill level 1 in Shields
   660 | D:2      | Reached skill level 1 in Spellcasting
   660 | D:2      | Reached skill level 1 in Evocations
   830 | D:2      | Found a faded altar of an unknown god.
   831 | D:2      | Noticed Robin
   861 | D:2      | Banished Robin
   862 | D:2      | Reached XP level 4. HP: 34/34 MP: 5/5
   927 | D:2      | Noticed Natasha
   938 | D:2      | Reached skill level 1 in Conjurations
   938 | D:2      | Reached skill level 1 in Hexes
   938 | D:2      | Reached skill level 1 in Summonings
   938 | D:2      | Reached skill level 1 in Necromancy
   938 | D:2      | Reached skill level 1 in Translocations
   938 | D:2      | Reached skill level 1 in Transmutations
   938 | D:2      | Reached skill level 1 in Fire Magic
   938 | D:2      | Reached skill level 1 in Ice Magic
   938 | D:2      | Reached skill level 1 in Air Magic
   938 | D:2      | Reached skill level 1 in Earth Magic
   938 | D:2      | Reached skill level 1 in Poison Magic
   944 | D:2      | Killed Natasha
   985 | D:2      | Noticed Natasha
   993 | D:2      | Killed Natasha
   994 | D:2      | Reached XP level 5. HP: 33/40 MP: 5/7
  1037 | D:2      | Noticed Jessica
  1045 | D:2      | Killed Jessica
  1072 | D:2      | Found Mulif's Assorted Antiques.
  1149 | D:2      | Noticed Natasha
  1156 | D:2      | Killed Natasha
  1356 | D:3      | Reached XP level 6. HP: 16/47 MP: 8/8
  1511 | D:3      | Reached skill level 5 in Dodging
  1881 | D:3      | Found a basalt altar of Yredelemnul.
  2001 | D:3      | Found a glowing golden altar of the Shining One.
  2379 | D:3      | Found a glowing silver altar of Zin.
  2796 | D:4      | Noticed a black bear
  2805 | D:4      | Killed a black bear
  2806 | D:4      | Reached XP level 7. HP: 47/52 MP: 10/10
  2812 | D:4      | Reached skill level 7 in Unarmed Combat
  2856 | D:4      | Found a hide-covered altar of Uskayaw.
  3171 | D:5      | Entered Level 5 of the Dungeon
  3171 | D:5      | Noticed vcxz's ghost (novice NaWn)
  3644 | D:5      | Slain by a gnoll

Illustrated notes

Levels and vault maps discovered:
D:1:      grunt_arrival_lava_bath, layout_basic
D:2:      layout_rooms, hellmonk_ecumenical_altar_lost_god, serial_shops,
          nicolae_shop_pleasant_corner_grove, uniq_jessica, uniq_robin,
          uniq_natasha
D:3:      layout_basic, yredelemnul_forgotten_temple_becter,
          mainiacjoe_overflow_small_starburst, lemuel_tele_altar,
          mrwooster_statue_mirror, nicolae_concentric_dashed_squares_mild,
          grunt_ministairs_5, minivault_5
D:4:      layout_rooms, nicolae_uskayaw_murder_on_the_dancefloor
D:5:      layout_rooms, gammafunk_ghost_icy, uniq_menkaure

Skill      XL: |  1  2  3  4  5  6  7 |
---------------+----------------------+-----
Invocations    | 1 2 3 |  3.0
Short Blades   | 1 2 |  2.7
Long Blades    | 1 2 |  2.7
Axes           | 1 2 |  2.7
Maces & Flails | 1 2 |  2.7
Polearms       | 1 2 |  2.7
Staves         | 1 2 |  2.7
Ranged Weapons | 1 2 |  2.7
Throwing       | 1 2 |  2.7
Armour         | 1 2 |  2.7
Stealth        | 1 2 |  2.7
Shields        | 1 2 |  2.7
Spellcasting   | 1 2 |  2.7
Evocations     | 1 2 |  2.7
Conjurations   | 1 2 |  2.2
Hexes          | 1 2 |  2.2
Summonings     | 1 2 |  2.2
Necromancy     | 1 2 |  2.2
Translocations | 1 2 |  2.2
Transmutations | 1 2 |  2.2
Fire Magic     | 1 2 |  2.2
Ice Magic      | 1 2 |  2.2
Air Magic      | 1 2 |  2.2
Earth Magic    | 1 2 |  2.2
Poison Magic   | 1 2 |  2.2
Fighting       | 3 |  3.8
Dodging        | 5 |  5.4
Unarmed Combat | 7 |  7.1
Shapeshifting  | |  6.9

Action                     |  1- 3 |  4- 6 |  7- 9 || total
---------------------------+-------+-------+-------++-------
  Melee: Unarmed           |    49 |       |       ||    49
         Dagger            |    26 |   156 |   106 ||   288
         Bite              |     3 |    17 |     9 ||    29
         Punch             |     1 |     6 |     5 ||    12
   Stab: Sleeping          |     1 |     1 |       ||     2
 Armour: Animal skin       |    12 |    10 |       ||    22
         Scale mail        |       |    13 |     4 ||    17
         Chain mail        |       |       |    32 ||    32
  Dodge: Dodged            |    66 |    77 |    39 ||   182
         Form:             |       |       |     1 ||     1

Table legend: (Time is in decaauts)
 A = Elapsed time spent in this place.
 B = Non-inter-level travel time spent in this place.
 C = Inter-level travel time spent in this place.
 D = Time resting spent in this place.
 E = Time spent auto-exploring this place.
 F = Levels seen in this place.
 G = Mean time per level.
                   A        B        C        D        E       F      G
               +--------+--------+--------+--------+--------+-----+--------+
         Total |   3537 |   3326 |    211 |    538 |   1705 |   5 |  707.4 |
       Dungeon |   3537 |   3326 |    211 |    538 |   1705 |   5 |  707.4 |
               +--------+--------+--------+--------+--------+-----+--------+

Top non-repeatable levels by time:
     D:3: 1264 daAuts
     D:2: 672 daAuts
     D:1: 614 daAuts
     D:4: 553 daAuts
     D:5: 432 daAuts
